 Dungeon Crawl Stone Soup version 0.28-a0-233-gb8ca4b6547 (webtiles) character file.

Game seed: 9349341154428975043

424 Demosthentine the Poker (level 6, -2/49 HPs)
             Began as a Merfolk Gladiator on Aug 23, 2021.
             Slain by Pikel (3 damage)
             ... on level 4 of the Dungeon.
             The game lasted 00:03:05 (4539 turns).

Demosthentine the Poker (Merfolk Gladiator)         Turns: 4539, Time: 00:03:06

Health: -2/49      AC:  4    Str: 16    XL:     6   Next: 96%
Magic:  6/6        EV: 14    Int:  8    God:
Gold:   128        SH:  0    Dex: 15    Spells: 5/5 levels left

rFire   . . .      SeeInvis .   a - +0 trident
rCold   . . .      Faith    .   (no shield)
rNeg    . . .      Spirit   .   b - +0 leather armour
rPois   .          Reflect  .   c - +0 helmet
rElec   .          Harm     .   (no cloak)
rCorr   .          Rampage  .   (no gloves)
Will    .....                   (no boots)
Stlth   +.........              (no amulet)
HPRegen 0.16/turn               (no ring)
MPRegen 0.10/turn               (no ring)

@: mighty
A: (nimble swimmer 2), mertail
a: no special abilities


You were on level 4 of the Dungeon.
You visited 1 branch of the dungeon, and saw 4 of its levels.

You collected 128 gold pieces.

Inventory:

Hand Weapons
 a - a +0 trident (weapon)
Missiles
 d - a throwing net (quivered)
Armour
 b - a +0 leather armour (worn)
 c - a +0 helmet (worn)
Wands
 l - a wand of flame (15)
Scrolls
 h - a scroll of summoning
 k - a scroll of blinking
Potions
 e - a potion of haste
 g - a potion of might
 i - a potion of flight {unknown}
 j - a potion of heal wounds {unknown}


   Skills:
 + Level 4.3 Fighting
 + Level 6.6 Polearms
 - Level 2.0 Throwing
 + Level 2.3 Armour
 + Level 6.0 Dodging


You had 5 spell levels left.
You didn't know any spells.
Your spell library contained the following spells:

 Spells                   Type           Power      Damage    Failure   Level
 Static Discharge         Conj/Air       0%         N/A       61%         2
 Dispel Undead            Necr           0%         3d6       99%         4
 Sticky Flame             Conj/Fire      0%         2d3       99%         4


Dungeon Overview and Level Annotations

Branches:
Dungeon (4/15)
 Temple: D:4-7

Altars:
Cheibriados
Makhleb

Shops:
D:1 (   D:2 [=

Annotations:
D:4 Pikel


Innate Abilities, Weirdness & Mutations

((You are quick and stealthy near water. (Stealth+, EV+, Speed+++)))
Your lower body shifts to a powerful aquatic tail in water.


Message History

Pikel barely misses you.
Throw: 2 throwing nets
Press: ? - help, Q - select action, (/) - cycle Shift-Dir - straight line, f/p - Pikel
Aim: Pikel, wielding a +1 whip of flaming, wearing a +0 robe and carrying a wand of iceblast (6) (moderately wounded, 55% to hit)
You throw a throwing net. The throwing net hits Pikel.
Pikel is caught in the net!
Pikel is moderately wounded.
Pikel struggles against the net.
You barely miss Pikel.
Pikel is moderately wounded.
Pikel struggles against the net.
You hit Pikel.
Pikel is moderately wounded.
Pikel struggles against the net.
You hit Pikel.
Pikel is heavily wounded.
Pikel struggles against the net.
You puncture Pikel!
Pikel is severely wounded.
Pikel struggles against the net.
You catch the helpless Pikel completely off-guard!
You hit Pikel but do no damage.
Pikel is severely wounded.
Pikel struggles against the net.
The net rips apart, and Pikel comes free!
You hit Pikel.
Pikel is severely wounded.
Pikel hits you but does no damage.
You hit Pikel but do no damage.
Pikel is severely wounded.
Pikel hits you with a +1 whip of flaming.
* * * LOW HITPOINT WARNING * * *
Pikel burns you.
* * * LOW HITPOINT WARNING * * *
You closely miss Pikel.
Pikel is severely wounded.
Pikel hits you with a +1 whip of flaming!
* * * LOW HITPOINT WARNING * * *
Pikel burns you.
You die...

... #### ... .#.###
.. .....# ..##....#
......#
############.....#
.......@K555...#
.####.####5#..#####
+ #.#..#...#
#.##.....##
#.#..##...#
..##K#.#..###
#.#....#.....
#.#.....:.....
#.#....##...


You could see Pikel and 4 lemures.

Vanquished Creatures
  Sigmund (D:3)
  A black bear (D:3)
  Ijyb (D:3)
  4 gnolls (D:3)
  5 adders
  3 worms
  3 dart slugs
  2 orcs
  7 endoplasms
  3 giant cockroaches (D:1)
  2 goblins
  3 hobgoblins
  2 jackals (D:3)
  6 quokkas
  7 ball pythons
  4 bats
  3 frilled lizards (D:2)
  8 kobolds
  6 rats
71 creatures vanquished.

Notes
Turn   | Place    | Note
-------+----------+-------------------------------------------
     0 | D:1      | Demosthentine the Merfolk Gladiator began the quest for the
                  | Orb.
     0 | D:1      | Reached XP level 1. HP: 16/16 MP: 1/1
   166 | D:1      | Reached XP level 2. HP: 23/23 MP: 2/2
   513 | D:1      | Found a faded altar of an unknown god.
   572 | D:1      | Found Toptamy's Antique Weapon Shoppe.
   740 | D:1      | Reached XP level 3. HP: 28/28 MP: 3/3
  1181 | D:2      | Reached skill level 5 in Polearms
  1235 | D:2      | Reached skill level 1 in Armour
  1358 | D:2      | Reached XP level 4. HP: 25/35 MP: 4/4
  1654 | D:2      | Found Sokleh's Jewellery Boutique.
  1896 | D:2      | Found Tiur's Antique Armour Emporium.
  2445 | D:3      | Found a burning altar of Makhleb.
  2941 | D:3      | Reached skill level 5 in Dodging
  2941 | D:3      | Reached XP level 5. HP: 30/41 MP: 5/5
  3365 | D:3      | Noticed a black bear
  3375 | D:3      | Killed a black bear
  3376 | D:3      | Reached XP level 6. HP: 41/48 MP: 6/6
  3686 | D:3      | Noticed Sigmund
  3704 | D:3      | Killed Sigmund
  3942 | D:3      | Noticed Ijyb
  3956 | D:3      | Killed Ijyb
  4326 | D:3      | Found a snail-covered altar of Cheibriados.
  4492 | D:4      | Noticed Pikel
  4539 | D:4      | HP: 1/49 [Pikel (7)]
  4539 | D:4      | Slain by Pikel

Illustrated notes

Levels and vault maps discovered:
D:1:      wander_arrival_estate, layout_loops_corners,
          chequers_ecumenical_altar_simple, serial_shops, shop,
          roderic_lattice_a, hangedman_decor_clover_reticule
D:2:      layout_basic, serial_shops, shop, shop, roderic_roman_lattice,
          hangedman_glass_teeth
D:3:      wad_crossroads, layout_basic, mainiacjoe_overflow_surrounded_room,
          chei_slow_surprise, uniq_ijyb, uniq_sigmund
D:4:      minmay_door_path, layout_cave_pools, minmay_temple_entry_statues,
          solitary_fountain, uniq_pikel, uniq_edmund

Skill      XL: |  1  2  3  4  5  6 |
---------------+-------------------+-----
Polearms       | 5 6 |  6.6
Armour         | 1 2 |  2.3
Fighting       | 3 4 |  4.3
Dodging        | 5 6 |  6.0
Throwing       | |  2.0

Action                   |  1- 3 |  4- 6 || total
-------------------------+-------+-------++-------
Melee: Trident           |    91 |   199 ||   290
Throw: Throwing net      |       |     4 ||     4
  Use: Scroll            |     3 |     4 ||     7
       Potion            |       |     1 ||     1
 Stab: Sleeping          |     3 |     4 ||     7
       Held in net/web   |       |     2 ||     2
Armor: Leather armour    |    14 |    28 ||    42
Dodge: Dodged            |    42 |    93 ||   135

Table legend: (Time is in decaauts)
 A = Elapsed time spent in this place.
 B = Non-inter-level travel time spent in this place.
 C = Inter-level travel time spent in this place.
 D = Time resting spent in this place.
 E = Time spent auto-exploring this place.
 F = Levels seen in this place.
 G = Mean time per level.
                   A        B        C        D        E       F      G
               +--------+--------+--------+--------+--------+-----+--------+
         Total |   4546 |   4489 |     57 |    425 |   3383 |   4 | 1136.5 |
       Dungeon |   4546 |   4489 |     57 |    425 |   3383 |   4 | 1136.5 |
               +--------+--------+--------+--------+--------+-----+--------+

Top non-repeatable levels by time:
     D:3: 2245 daAuts
     D:1: 1134 daAuts
     D:2: 1120 daAuts
     D:4: 45 daAuts
